 Dungeon Crawl Stone Soup version 0.26-a0-611-g354ed81 (webtiles) character file.

Game seed: 601016055118670474

1390 Th3D0ct0rWh0 the Covert (level 8, -9/74 HPs)
             Began as a Naga Brigand on Sept 7, 2020.
             Was a Believer of Dithmenos.
             Splashed by a jelly's acid (10 damage)
             ... on level 6 of the Dungeon.
             The game lasted 00:35:16 (7608 turns).

Th3D0ct0rWh0 the Covert (Naga Brigand)              Turns: 7608, Time: 00:35:16

Health: -9/74      AC: -8    Str: 14    XL:     8   Next: 68%
Magic:  17/17      EV: 10    Int: 12    God:    Dithmenos [**....]
Gold:   444        SH:  9    Dex: 22    Spells: 7/7 levels left

rFire    . . .     SeeInvis +   u - +2 dagger (speed)
rCold    + . .     Faith    .   t - +0 kite shield
rNeg     . . .     Spirit   .   b - +0 robe
rPois    +         Reflect  .   y - +2 helmet of Focus {MR++ Dex+8 SInv}
rElec    .         Harm     .   c - +0 cloak
rCorr    .                      (no gloves)
MR       +++..                  (no barding)
Stlth    ++++++....             (no amulet)
HPRegen  0.22/turn              i - ring of magical power
MPRegen  0.15/turn              k - ring of protection from cold

@: corroded, wreathed by umbra, very slow
A: large, see invisible, deformed body, poison resistance, slowness 2, spit
poison 1, AC +2
a: Spit Poison, Shadow Step, Renounce Religion


You were on level 6 of the Dungeon.
You worshipped Dithmenos.
Dithmenos was pleased with you.
You visited 2 branches of the dungeon, and saw 7 of its levels.

You collected 444 gold pieces.

Inventory:

Hand Weapons
 u - a +2 dagger of speed (weapon)
 v - a +1 dagger of holy wrath
Missiles
 d - 26 poisoned darts (quivered)
 e - 2 curare-tipped darts
Armour
 b - a +0 robe (worn)
 c - a +0 cloak (worn)
 t - a +0 kite shield (worn)
 y - the +2 helmet of Focus (worn) {MR++ Dex+8 SInv}
   (You found it on level 4 of the Dungeon)

   It affects your dexterity (+8).
   It affects your resistance to hostile enchantments.
   It lets you see invisible.
 D - a cursed -1 chain mail
Jewellery
 i - a ring of magical power (left hand)
 k - a ring of protection from cold (right hand)
 x - an uncursed ring of fire
Wands
 w - a wand of random effects (37)
Scrolls
 f - 5 scrolls of remove curse
 j - 2 scrolls of teleportation {unknown}
 o - 4 scrolls of identify
 A - a scroll of noise {unknown}
 C - a scroll of amnesia {unknown}
Potions
 a - a potion of berserk rage {unknown}
 g - a potion of magic {unknown}
 l - a potion of resistance {unknown}
 m - 3 potions of curing
 n - a potion of stabbing {unknown}
 p - 3 potions of heal wounds {unknown}
 q - 3 potions of brilliance
 r - a potion of lignification {unknown}
 s - 2 potions of haste {unknown}
 z - a potion of cancellation {unknown}
 B - 2 potions of degeneration {unknown}


   Skills:
 + Level 5.2 Fighting
 + Level 5.2 Short Blades
 - Level 1.7 Throwing
 + Level 4.0 Dodging
 + Level 9.6 Stealth
 + Level 2.5 Shields


You had 7 spell levels left.
You didn't know any spells.
Your spell library was empty.

Dungeon Overview and Level Annotations

Branches:
Dungeon (6/15)             Temple (1/1) D:5

Altars:
Ashenzari
Cheibriados
Dithmenos
Elyvilon
Fedhas
Gozag
Kikubaaqudgha
Nemelex Xobeh
Okawaru
Qazlal
Sif Muna
Trog
Uskayaw
Vehumet
Wu Jian
Xom
Yredelemnul
Zin
The Shining One


Innate Abilities, Weirdness & Mutations

You cannot wear boots.
Your serpentine skin is tough. (AC +2)
You have supernaturally acute eyesight. (SInv)
Armour fits poorly on your strangely shaped body.
Your system is resistant to poisons. (rPois)
You cover ground very slowly.
You can spit poison.


Message History

The jelly hits you.
You are splashed with acid!
The jelly hits you.
You are splashed with acid!
The jelly hits you. The acid corrodes you!
You are splashed with acid!
* * * LOW HITPOINT WARNING * * *
You have got your breath back.
The jelly hits you.
* * * LOW HITPOINT WARNING * * *
The acid corrodes you!
You are splashed with acid!
* * * LOW HITPOINT WARNING * * *
Really read the scroll of immolation?
As you read the scroll of immolation, it crumbles to dust.
The creatures around you are filled with an inner flame!
The jelly hits you.
* * * LOW HITPOINT WARNING * * *
You are splashed with acid.
* * * LOW HITPOINT WARNING * * *
The jelly hits you.
* * * LOW HITPOINT WARNING * * *
The acid corrodes you!
You are splashed with acid!
You die...

...
.....>....#####......
##.
###.......##.........
#.......#..........
#.....#............
#...#..............
#...#.##...........
#...#.###.....#####
##....##=......####
#.@J..............#
............#.......####
...................##
............[.....##
.................#######
..............)(........
..............#(.(......
##......................
...................


You could see a jelly (inner flame).

Vanquished Creatures
  Menkaure (D:6)
  An ice beast (D:6)
  2 centaurs
  An ogre (D:5)
  3 big kobolds (D:5)
  A bullfrog (D:6)
  2 scorpions
  A howler monkey (D:3)
  A centaur zombie (D:5)
  An orc priest (D:4)
  An orc wizard (D:5)
  A centaur skeleton (D:4)
  2 worker ants (D:4)
  Robin (D:3)
  6 gnolls (D:5)
  10 adders
  A shadow imp (D:2)
  A white imp (D:5)
  2 adder skeletons
  3 worms
  5 dart slugs
  5 leopard geckos
  11 orcs
  4 giant cockroaches
  41 goblins
  27 hobgoblins
  4 jackals (D:5)
  5 quokkas
  A ball python (D:2)
  6 bats
  7 frilled lizards
  10 kobolds
  A quokka skeleton (D:5)
  2 rats
171 creatures vanquished.

Vanquished Creatures (others)
  A hobgoblin (D:5)
1 creature vanquished.

Grand Total: 172 creatures vanquished

Notes
Turn   | Place    | Note
-------+----------+-------------------------------------------
     0 | D:1      | Th3D0ct0rWh0 the Naga Brigand began the quest for the Orb.
     0 | D:1      | Reached XP level 1. HP: 19/19 MP: 1/1
    70 | D:1      | Reached skill level 1 in Dodging
    85 | D:1      | Reached skill level 6 in Stealth
    85 | D:1      | Reached XP level 2. HP: 21/26 MP: 2/2
   426 | D:1      | Reached XP level 3. HP: 33/33 MP: 3/3
  1330 | D:2      | Reached XP level 4. HP: 31/40 MP: 4/4
  1464 | D:2      | Found a faded altar of an unknown god.
  2281 | D:3      | Found a stormy altar of Qazlal.
  2484 | D:3      | Reached XP level 5. HP: 49/49 MP: 5/5
  2615 | D:3      | Noticed Robin
  2618 | D:3      | Reached skill level 7 in Stealth
  2655 | D:3      | Killed Robin
  2980 | D:3      | Found an ornate altar of the Wu Jian Council.
  3308 | D:4      | Reached XP level 6. HP: 38/56 MP: 6/6
  3480 | D:4      | Got an encrusted helmet
  3577 | D:4      | Identified the +2 helmet of Focus {MR++ Dex+8 SInv} (You
                  | found it on level 4 of the Dungeon)
  3676 | D:5      | Entered Level 5 of the Dungeon
  4563 | D:5      | Found a staircase to the Ecumenical Temple.
  4598 | Temple   | Entered the Ecumenical Temple
  4680 | Temple   | Became a worshipper of Dithmenos the Shadowed
  4867 | D:5      | Reached skill level 8 in Stealth
  4908 | D:5      | Reached XP level 7. HP: 64/64 MP: 7/7
  5166 | D:5      | Reached * piety under Dithmenos
  5226 | D:5      | HP: 3/64 [big kobold (7)]
  5565 | D:5      | Reached skill level 1 in Shields
  5731 | D:5      | Reached XP level 8. HP: 73/73 MP: 8/8
  6063 | D:5      | Reached skill level 9 in Stealth
  6208 | D:5      | Reached ** piety under Dithmenos
  6459 | D:5      | Found a hide-covered altar of Uskayaw.
  6668 | D:6      | Noticed Menkaure
  6738 | D:6      | Killed Menkaure
  7055 | D:6      | Reached skill level 5 in Fighting
  7055 | D:6      | Reached skill level 5 in Short Blades
  7605 | D:6      | HP: 1/74 [acid (6)]
  7608 | D:6      | Splashed by a jelly's acid

Illustrated notes

Levels and vault maps discovered:
D:1:      scummos_arrival_gate, layout_basic
D:2:      layout_loops_ring, chequers_ecumenical_altar_island,
          serial_bayou_pond_b, chequers_serial_rivers_small_b
D:3:      layout_loops_corners, old_standard_altar,
          nicolae_qazlal_general_emergency, uniq_robin
D:4:      kennysheep_spiral_hall, layout_rooms, minmay_misc_feat_room
D:5:      minmay_goblin_kobold_castle, layout_rooms, kennysheep_mini_moat,
          minmay_temple_entry_slanted
D:6:      layout_rooms, serial_shops, shop, shop, uniq_menkaure, uniq_pikel
Temple:   minmay_crystal_spiral_temple

Skill      XL: |  1  2  3  4  5  6  7  8 |
---------------+-------------------------+-----
Dodging        | 1 2 3 4 |  4.0
Stealth        | 6 7 8 9 |  9.6
Short Blades   | 3 4 5 |  5.2
Fighting       | 3 4 5 |  5.2
Shields        | 1 2 |  2.5
Throwing       | |  1.7

Action                   |  1- 3 |  4- 6 |  7- 9 || total
-------------------------+-------+-------+-------++-------
Melee: Dagger            |    69 |   111 |   254 ||   434
Throw: Dart              |     1 |    29 |    56 ||    86
 Abil: Spit Poison       |    28 |    65 |    45 ||   138
  Use: Scroll            |     1 |     4 |     4 ||     9
       Potion            |       |       |     1 ||     1
 Stab: Sleeping          |     2 |     1 |     3 ||     6
Armor: Robe              |    16 |    52 |    77 ||   145
Dodge: Dodged            |    51 |    69 |   130 ||   250
Block: Kite shield       |       |     6 |   140 ||   146

Table legend: (Time is in decaauts)
 A = Elapsed time spent in this place.
 B = Non-inter-level travel time spent in this place.
 C = Inter-level travel time spent in this place.
 D = Time resting spent in this place.
 E = Time spent auto-exploring this place.
 F = Levels seen in this place.
 G = Mean time per level.
                   A        B        C        D        E       F      G
               +--------+--------+--------+--------+--------+-----+--------+
         Total |   9114 |   8832 |    282 |   2387 |   3227 |   7 | 1302.0 |
       Dungeon |   8873 |   8707 |    166 |   2387 |   3113 |   6 | 1478.8 |
        Temple |    240 |    124 |    116 |      0 |    113 |   1 |  240.0 |
               +--------+--------+--------+--------+--------+-----+--------+

Top non-repeatable levels by time:
     D:5: 3012 daAuts
     D:2: 1583 daAuts
     D:3: 1532 daAuts
     D:4: 1178 daAuts
     D:1: 872 daAuts
     D:6: 694 daAuts
  Temple: 240 daAuts
